[Event "Titled Tuesday Blitz June 14 Early 2022"]
[White "Omelja, Artem"]
[Black "Lazavik, Denis"]
[WhiteFideId "14119846"]
[BlackFideId "13515110"]
[WhiteElo "2382"]
[BlackElo "2437"]
[Result "0-1"]
[Round "01"]
[TimeControl "180+1"]
[Date "2022.06.14"]
[WhiteClock "0:00:04"]
[BlackClock "0:00:04"]

1. d4 f5 2. Bf4 Nf6 3. e3 d6 4. c4 g6 5. h4 h6 6. Qf3 Bg7 7. Nc3 c6 8. c5 dxc5 9. Qg3 Be6 10. Qxg6+ Kf8 11. dxc5 Qa5 12. Nf3 Qxc5 13. Nd4 Bd7 14. Bd3 e6 15. O-O Qe7 16. Rfd1 Qf7 17. Bd6+ Kg8 18. Qg3 Na6 19. Nf3 Ng4 20. Ne5 Nxe5 21. Bxe5 Nc5 22. Bc2 Be8 23. b4 Nd7 24. Bxg7 Qxg7 25. Qxg7+ Kxg7 26. Ne2 Kf6 27. Bb3 Ne5 28. Nf4 Bf7 29. Rd6 Rad8 30. Rad1 Rxd6 31. Rxd6 Ke7 32. Rd4 Rc8 33. Kf1 Ng4 34. Rd2 Nf6 35. Nd3 Ne4 36. Rd1 Nc3 37. Rd2 Ne4 38. Rd1 Be8 39. Ne5 c5 40. bxc5 Rxc5 41. Nf3 a5 42. Nd4 a4 43. Bxe6 Bg6 44. Bg8 Nc3 45. Rc1 Ne4 46. Rxc5 Nxc5 47. Bd5 b6 48. Bc4 Kd6 49. Ke2 Ke5 50. Nf3+ Kf6 51. Nd4 Ke5 52. Bb5 a3 53. Bc4 Ne4 54. Nc2 f4 55. exf4+ Kxf4 56. Nxa3 Nc3+ 57. Kd2 Ne4+ 58. Ke2 Nc3+ 59. Kf1 Ne4 60. f3 Nd2+ 61. Kf2 Ke5 62. Be2 Kd4 63. Nb5+ Kc5 64. a3 Nb1 65. a4 Bc2 66. Nc3 Nxc3 67. Ba6 Bxa4 68. g4 Be8 69. g5 h5 70. f4 Bg6 71. Bc8 Ne4+ 72. Ke3 Nd6 73. Be6 b5 74. Kd2 b4 75. Kc1 Kd4 76. Kb2 Bf5 77. Bd7 Bxd7 78. g6 Be6 79. g7 Bg8 80. f5 Nxf5 0-1


[Site "https://www.chess.com"]

[Event "Titled Tuesday Blitz June 14 Early 2022"]
[White "Reprintsev, Alexander"]
[Black "Mchedlishvili, Mikheil"]
[WhiteFideId "14100541"]
[BlackFideId "13600966"]
[WhiteElo "2108"]
[BlackElo "2545"]
[Result "1-0"]
[Round "01"]
[TimeControl "180+1"]
[Date "2022.06.14"]
[WhiteClock "0:00:21"]
[BlackClock "0:00:01"]

1. e4 c5 2. b3 Nf6 3. e5 Nd5 4. Nc3 Nxc3 5. dxc3 Nc6 6. Nf3 e6 7. Bf4 Be7 8. Qd2 h6 9. h4 b6 10. Bd3 Bb7 11. O-O-O Qc7 12. Be4 O-O-O 13. Qe3 Kb8 14. c4 a6 15. h5 b5 16. cxb5 axb5 17. Kb2 Qa5 18. c3 Kc7 19. a3 Ra8 20. Ra1 Rhd8 21. Rhd1 Qb6 22. b4 Ra4 23. Nd2 c4 24. Qxb6+ Kxb6 25. Bc2 Raa8 26. a4 Ba6 27. Be3+ Kc7 28. f4 f6 29. exf6 Bxf6 30. Ne4 Be7 31. Bc5 d6 32. axb5 Bxb5 33. Rxa8 Rxa8 34. Bxd6+ Kb6 35. Bxe7 Nxe7 36. Rd6+ Kc7 37. Rxe6 Nd5 38. Re5 Bc6 39. Nc5 Nxf4 40. Re7+ Kb6 41. Rxg7 Rd8 42. g3 Ne2 43. Rg6 Rd2 44. g4 Kc7 45. Rxh6 Nf4 46. Rh7+ Kb6 47. Kc1 Rg2 48. Be4 Bxe4 49. Nxe4 Nd3+ 50. Kd1 Rxg4 51. Nd2 1-0


[Site "https://www.chess.com"]

[Event "Titled Tuesday Blitz June 14 Early 2022"]
[White "Rodrigue-Lemieux, Shawn"]
[Black "Maiorov, Nikita"]
[WhiteFideId "2620049"]
[BlackFideId "13501720"]
[WhiteElo "1763"]
[BlackElo "2417"]
[Result "1-0"]
[Round "01"]
[TimeControl "180+1"]
[Date "2022.06.14"]
[WhiteClock "0:00:20"]
[BlackClock "0:00:07"]

1. a3 d5 2. e3 e6 3. c4 c5 4. cxd5 exd5 5. d4 Nf6 6. Nf3 Nc6 7. Nc3 a6 8. Be2 Bd6 9. dxc5 Bxc5 10. b4 Bd6 11. Bb2 O-O 12. O-O Be6 13. Rc1 Qe7 14. Na4 Ne4 15. h3 Rad8 16. Bxa6 Nxb4 17. Bb5 Nc6 18. Bxc6 bxc6 19. Rxc6 Bxa3 20. Bxa3 Qxa3 21. Nd4 Bd7 22. Ra6 Ra8 23. Rxa8 Rxa8 24. Nb6 Rd8 25. Nxd5 Bxh3 26. Nc6 Rd6 27. Nce7+ Kf8 28. gxh3 Nc3 29. Qf3 Qa8 30. e4 Nxd5 31. Nxd5 Rg6+ 32. Kh1 1-0


[Site "https://www.chess.com"]

[Event "Titled Tuesday Blitz June 14 Early 2022"]
[White "Ronka, Erik"]
[Black "Bortnyk, Mykola"]
[WhiteFideId "505080"]
[BlackFideId "14120836"]
[WhiteElo "2264"]
[BlackElo "2582"]
[Result "0-1"]
[Round "01"]
[TimeControl "180+1"]
[Date "2022.06.14"]
[WhiteClock "0:00:10"]
[BlackClock "0:01:35"]

1. e4 Nf6 2. e5 Nd5 3. c4 Nb6 4. d4 d6 5. f4 dxe5 6. fxe5 Nc6 7. Be3 Bf5 8. Nc3 e6 9. Nf3 Qd7 10. Be2 O-O-O 11. O-O Kb8 12. c5 Nd5 13. Nxd5 Qxd5 14. Qe1 f6 15. exf6 gxf6 16. b4 Rg8 17. b5 Qe4 18. Qf2 Bh3 19. g3 Bxf1 20. Bxf1 Nb4 21. Nd2 Qg6 22. Rc1 Nd5 23. Nc4 Nxe3 24. Qxe3 Bh6 0-1


[Site "https://www.chess.com"]

[Event "Titled Tuesday Blitz June 14 Early 2022"]
[White "Sanal, Vahap"]
[Black "Pires, Marcos Vinicius Torsani"]
[WhiteFideId "6300545"]
[BlackFideId "2118939"]
[WhiteElo "2574"]
[BlackElo "2273"]
[Result "1-0"]
[Round "01"]
[TimeControl "180+1"]
[Date "2022.06.14"]
[WhiteClock "0:02:29"]
[BlackClock "0:01:59"]

1. c4 Nf6 2. Nc3 d5 3. cxd5 Nxd5 4. e4 Nxc3 5. bxc3 c5 6. Nf3 g6 7. h4 h6 8. h5 g5 9. Bb5+ Nc6 10. Rb1 Bg7 11. Ba3 Qd6 12. d4 b6 13. d5 a6 14. Bxc6+ 1-0


[Site "https://www.chess.com"]

[Event "Titled Tuesday Blitz June 14 Early 2022"]
[White "Shimanov, Aleksandr"]
[Black "Kovanova, Baira"]
[WhiteFideId "4198603"]
[BlackFideId "4164083"]
[WhiteElo "2605"]
[BlackElo "2190"]
[Result "1-0"]
[Round "01"]
[TimeControl "180+1"]
[Date "2022.06.14"]
[WhiteClock "0:00:08"]
[BlackClock "0:00:06"]

1. e4 c6 2. d4 d5 3. Nd2 dxe4 4. Nxe4 Nf6 5. Nxf6+ exf6 6. c3 Bd6 7. Bd3 O-O 8. Qc2 Re8+ 9. Be3 h5 10. Nf3 Be6 11. O-O Bd5 12. Nd2 Qc7 13. h3 b5 14. Ne4 Nd7 15. Rfe1 Bh2+ 16. Kh1 Bf4 17. Qd2 Bxe3 18. Rxe3 f5 19. Ng5 g6 20. Rae1 Nf6 21. b3 Kg7 22. c4 bxc4 23. bxc4 Qf4 24. cxd5 Qxg5 25. dxc6 Nd5 26. Bc4 Nxe3 27. fxe3 Re7 28. d5 Rae8 29. d6 Rxe3 30. Rxe3 Rxe3 31. Qd4+ Kh7 32. c7 Re1+ 33. Kh2 h4 34. Qf2 Qc1 35. Qxh4+ Kg7 36. Qd4+ Kh7 37. c8=Q Rh1+ 38. Kg3 Qg5+ 39. Kf2 1-0


[Site "https://www.chess.com"]

[Event "Titled Tuesday Blitz June 14 Early 2022"]
[White "Shubin, Kirill"]
[Black "Sadykov, Ramil"]
[WhiteFideId "34119962"]
[BlackFideId "24113590"]
[WhiteElo "2474"]
[BlackElo "2226"]
[Result "1-0"]
[Round "01"]
[TimeControl "180+1"]
[Date "2022.06.14"]
[WhiteClock "0:01:54"]
[BlackClock "0:00:02"]

1. e4 c5 2. Nf3 Nc6 3. Bb5 g6 4. Bxc6 dxc6 5. d3 Bg7 6. h3 Nh6 7. a4 a5 8. O-O f6 9. Be3 b6 10. Nbd2 e5 11. Nc4 O-O 12. c3 Nf7 13. Qb3 Ra6 14. Rfd1 Be6 15. d4 cxd4 16. cxd4 exd4 17. Nxd4 Qe8 18. Qc2 c5 19. Nb5 Qe7 20. Bf4 Rc8 21. Rd2 f5 22. Re1 Qf6 23. Nc7 Ra7 24. Nxe6 Qxe6 25. Rde2 fxe4 26. Rxe4 Qc6 27. Re6 Qa8 28. Nxb6 1-0


[Site "https://www.chess.com"]

[Event "Titled Tuesday Blitz June 14 Early 2022"]
[White "Sjugirov, Sanan"]
[Black "Tasev, Dejan"]
[WhiteFideId "4189302"]
[BlackFideId "936618"]
[WhiteElo "2602"]
[BlackElo "2253"]
[Result "1-0"]
[Round "01"]
[TimeControl "180+1"]
[Date "2022.06.14"]
[WhiteClock "0:00:11"]
[BlackClock "0:00:01"]

1. e4 c6 2. d4 d5 3. e5 Bf5 4. Nf3 e6 5. Be2 h6 6. O-O Nd7 7. Nbd2 g5 8. a4 Bg7 9. a5 Ne7 10. Nb3 O-O 11. c3 Qc7 12. Be3 Rae8 13. Re1 f6 14. exf6 Bxf6 15. Bd3 Bg7 16. Bxf5 Nxf5 17. h3 Nxe3 18. Rxe3 e5 19. dxe5 Nxe5 20. Nxe5 Rxe5 21. Rxe5 Bxe5 22. Qd3 Qf7 23. Rf1 Kg7 24. Nd4 a6 25. Nf3 Bc7 26. b4 Qg6 27. Qd2 g4 28. Qd4+ Kh7 29. Qxg4 Qf7 30. Re1 Rg8 31. Qe6 Qg7 32. Qf5+ Kh8 33. g4 Qxc3 34. Re7 Rg7 35. Re8+ 1-0


[Site "https://www.chess.com"]

[Event "Titled Tuesday Blitz June 14 Early 2022"]
[White "Stepanencu, Nicodim-Cosmin"]
[Black "Nakamura, Hikaru"]
[WhiteFideId "1256220"]
[BlackFideId "2016192"]
[WhiteElo "1945"]
[BlackElo "2850"]
[Result "0-1"]
[Round "01"]
[TimeControl "180+1"]
[Date "2022.06.14"]
[WhiteClock "0:00:01"]
[BlackClock "0:01:57"]

1. e4 g6 2. d4 Bg7 3. c3 d6 4. Bd3 Nd7 5. Nf3 e5 6. O-O Ngf6 7. Re1 O-O 8. a4 a5 9. Nbd2 Re8 10. h3 b6 11. Qb3 h6 12. Bc4 Re7 13. Nf1 Bb7 14. Ng3 Qe8 15. Nh4 Kh7 16. f3 exd4 17. cxd4 d5 18. Bb5 dxe4 19. Bd2 exf3 20. Rxe7 Qxe7 21. Re1 Qd6 22. Qxf7 Qxg3 23. Re7 Rg8 24. Be1 Qg5 25. Bd3 Nf8 26. Re5 Bd5 27. Qxc7 Qf4 28. Re7 Qxd4+ 29. Bf2 Qxd3 0-1


[Site "https://www.chess.com"]

[Event "Titled Tuesday Blitz June 14 Early 2022"]
[White "Suleymanli, Suleyman"]
[Black "Martinez Alcantara, Jose Eduardo"]
[WhiteFideId "13416375"]
[BlackFideId "3805662"]
[WhiteElo "1598"]
[BlackElo "2703"]
[Result "0-1"]
[Round "01"]
[TimeControl "180+1"]
[Date "2022.06.14"]
[WhiteClock "0:00:40"]
[BlackClock "0:02:02"]

1. Nf3 c5 2. g3 Nc6 3. d4 cxd4 4. Nxd4 g6 5. Bg2 Bg7 6. Nxc6 bxc6 7. c4 Nf6 8. Nd2 O-O 9. O-O d5 10. Nb3 a5 11. cxd5 cxd5 12. Be3 e5 13. Bg5 Rb8 14. Bxf6 Bxf6 15. Qxd5 a4 16. Nc5 Qxd5 17. Bxd5 Rb5 18. Rac1 Be7 19. Nxa4 Rxd5 20. Nb6 Rdd8 21. Rc7 Bd6 22. Rc6 Bb7 23. Rc2 Bb8 24. Nc4 Rc8 25. b3 Rfe8 26. Rfc1 Red8 27. Nb6 Rxc2 28. Rxc2 Rd1# 0-1


[Site "https://www.chess.com"]

[Event "Titled Tuesday Blitz June 14 Early 2022"]
[White "Svane, Rasmus"]
[Black "Obrien, Matthew"]
[WhiteFideId "4657101"]
[BlackFideId "2059150"]
[WhiteElo "2674"]
[BlackElo "2534"]
[Result "1-0"]
[Round "01"]
[TimeControl "180+1"]
[Date "2022.06.14"]
[WhiteClock "0:00:16"]
[BlackClock "0:00:04"]

1. Nf3 d5 2. g3 Nf6 3. Bg2 g6 4. c4 d4 5. b4 Bg7 6. Bb2 Ne4 7. Qc2 d3 8. exd3 Bxb2 9. Qxb2 Nf6 10. d4 O-O 11. O-O Bf5 12. Re1 Nbd7 13. Nc3 Nb6 14. Qb3 a5 15. bxa5 Rxa5 16. c5 Nbd5 17. Qxb7 Ra8 18. Ne5 Rb8 19. Qa6 Nb4 20. Qa4 Qxd4 21. a3 Nc2 22. Qxd4 Nxd4 23. Nc6 Nxc6 24. Bxc6 Rb2 25. Rxe7 Rxd2 26. Re2 Rxe2 27. Nxe2 Rb8 28. a4 Be4 29. Nd4 Bxc6 30. Nxc6 Nd5 31. Nxb8 1-0


[Site "https://www.chess.com"]

[Event "Titled Tuesday Blitz June 14 Early 2022"]
[White "Tan, Zhongyi"]
[Black "Pranav, V"]
[WhiteFideId "8603642"]
[BlackFideId "25060783"]
[WhiteElo "2510"]
[BlackElo "2349"]
[Result "1-0"]
[Round "01"]
[TimeControl "180+1"]
[Date "2022.06.14"]
[WhiteClock "0:00:15"]
[BlackClock "0:00:42"]

1. e4 e5 2. Nf3 Nf6 3. Nxe5 Nc6 4. Nxc6 dxc6 5. d3 Bc5 6. h3 h5 7. Nc3 Be6 8. Be3 Bxe3 9. fxe3 Qd6 10. Qd2 a5 11. O-O-O a4 12. Kb1 a3 13. b3 O-O-O 14. Be2 Kb8 15. Bf3 h4 16. d4 Nh5 17. e5 Qe7 18. Ne4 Ng3 19. Nxg3 hxg3 20. Qc3 f6 21. exf6 gxf6 22. e4 Bc8 23. Rhe1 Rhe8 24. h4 f5 25. exf5 Qxh4 26. Rxe8 Rxe8 27. Qa5 Qe7 28. f6 Qxf6 29. Qxa3 Re3 30. Qc5 Bf5 31. Qc4 Bh7 32. Rh1 Bg6 33. Rf1 Qd6 34. d5 Qf6 35. dxc6 Rc3 36. Be4 Qg7 37. Qb4 1-0


[Site "https://www.chess.com"]

[Event "Titled Tuesday Blitz June 14 Early 2022"]
[White "Terry, Renato"]
[Black "Turzo, Attila"]
[WhiteFideId "3803457"]
[BlackFideId "704954"]
[WhiteElo "2577"]
[BlackElo "2524"]
[Result "1-0"]
[Round "01"]
[TimeControl "180+1"]
[Date "2022.06.14"]
[WhiteClock "0:00:10"]
[BlackClock "0:00:07"]

1. d4 Nf6 2. Nf3 e6 3. c4 d5 4. e3 c5 5. dxc5 Bxc5 6. a3 O-O 7. b4 Be7 8. Bb2 a5 9. b5 Nbd7 10. Nbd2 Nc5 11. Be2 b6 12. cxd5 Nxd5 13. Ne5 Bb7 14. O-O Rc8 15. Rc1 Qc7 16. Qc2 Qb8 17. Ndf3 Qa8 18. Nd4 a4 19. Nec6 Bf6 20. e4 Nf4 21. e5 Bxe5 22. Nxe5 Bxg2 23. Nec6 Bxf1 24. Bxf1 Rfe8 25. Qc3 e5 26. Nf5 Rc7 27. Qg3 Ng6 28. h4 Qc8 29. Bh3 Ne6 30. h5 Ngf4 31. Qg4 Nxh3+ 32. Qxh3 g6 33. Nd6 Qd7 34. Nxe8 Qxe8 35. Bxe5 Rd7 36. Qf3 Ng5 37. Qf6 Nf3+ 38. Qxf3 f5 39. Re1 Qf7 40. Bb2 gxh5 41. Qc3 Qg6+ 42. Kh2 Kf7 43. Ne5+ 1-0


[Site "https://www.chess.com"]

[Event "Titled Tuesday Blitz June 14 Early 2022"]
[White "Toncheva, Nadya"]
[Black "Zhigalko, Sergei"]
[WhiteFideId "2924056"]
[BlackFideId "13502956"]
[WhiteElo "1888"]
[BlackElo "2662"]
[Result "0-1"]
[Round "01"]
[TimeControl "180+1"]
[Date "2022.06.14"]
[WhiteClock "0:00:06"]
[BlackClock "0:00:06"]

1. e4 c5 2. Nf3 Nc6 3. d4 cxd4 4. Nxd4 Nf6 5. Nc3 e5 6. Ndb5 d6 7. Bg5 a6 8. Na3 b5 9. Nd5 Be7 10. Bxf6 Bxf6 11. c3 Bg5 12. Nc2 Ne7 13. Nce3 Bxe3 14. Nxe3 O-O 15. Be2 Rb8 16. O-O Be6 17. Qd2 Qb6 18. Rfd1 Rfd8 19. Rac1 a5 20. c4 b4 21. Bg4 Nc6 22. Nd5 Bxd5 23. Qxd5 Nd4 24. c5 dxc5 25. Qxe5 b3 26. a3 Nc2 27. h3 g6 28. Be2 Re8 29. Qf4 Qc6 30. Bd3 Nd4 31. Bc4 Qb7 32. Kh1 Rxe4 33. Qf6 Qe7 34. Qa6 Qc7 35. Bd5 Rf4 36. f3 Rd8 37. Be4 Qe5 38. Qc4 Ne6 39. Rxd8+ Nxd8 40. Qxc5 Qxc5 41. Rxc5 Ne6 42. Rxa5 Nd4 43. Rd5 Ne2 44. Rb5 f5 45. Bd5+ Kg7 46. Bxb3 Rd4 47. Kh2 Rd2 48. Bd5 f4 49. Rb7+ Kf6 50. Bg8 Ng3 51. h4 Rd1 52. Kh3 h5 0-1


[Site "https://www.chess.com"]

[Event "Titled Tuesday Blitz June 14 Early 2022"]
[White "Vazquez, Guillermo"]
[Black "Matyukov, Petr"]
[WhiteFideId "3702308"]
[BlackFideId "4103688"]
[WhiteElo "2536"]
[BlackElo "2278"]
[Result "1-0"]
[Round "01"]
[TimeControl "180+1"]
[Date "2022.06.14"]
[WhiteClock "0:01:19"]
[BlackClock "0:00:35"]

1. b3 d5 2. Bb2 e6 3. Nf3 Nf6 4. c4 c5 5. e3 Be7 6. cxd5 exd5 7. d4 O-O 8. dxc5 Bxc5 9. Be2 Nbd7 10. O-O b6 11. Nc3 Bb7 12. Rc1 Rc8 13. h3 a6 14. Bd3 b5 15. Ne2 Qe7 16. Ned4 g6 17. Rc2 Ne4 18. Qa1 f5 19. Re1 h6 20. g3 g5 21. h4 g4 22. Nd2 Nxd2 23. Rxd2 Ne5 24. Be2 Bb4 25. Red1 Bxd2 26. Rxd2 Nc6 27. Bd3 Ne5 28. Qd1 Nxd3 29. Rxd3 Qe4 30. Rd2 Rc7 31. Kh2 Rfc8 32. Qf1 h5 33. Ba3 Rc3 34. Qg2 Qxg2+ 35. Kxg2 Rf8 36. Bxf8 Kxf8 37. Kf1 Bc8 38. Ke2 Be6 39. Nxe6+ Ke7 40. Nf4 Rc1 41. Nxd5+ Ke6 42. Nf4+ Kf6 43. Nxh5+ Kg6 44. Nf4+ Kf6 45. Rd6+ Ke5 46. Re6# 1-0


[Site "https://www.chess.com"]

[Event "Titled Tuesday Blitz June 14 Early 2022"]
[White "Xiong, Jeffery"]
[Black "Kanyamarala, Tarun"]
[WhiteFideId "2047640"]
[BlackFideId "45004714"]
[WhiteElo "2714"]
[BlackElo "2219"]
[Result "1-0"]
[Round "01"]
[TimeControl "180+1"]
[Date "2022.06.14"]
[WhiteClock "0:01:36"]
[BlackClock "0:01:20"]

1. e4 c5 2. Nf3 Nc6 3. Nc3 e5 4. Bc4 Be7 5. d3 d6 6. a4 Nf6 7. Bg5 Nb4 8. O-O O-O 9. a5 Be6 10. Nd2 d5 11. Bxf6 Bxf6 12. exd5 Nxd5 13. Nxd5 Bxd5 14. Re1 Re8 15. Ne4 Be7 16. Qh5 Bxc4 17. dxc4 Qd4 18. b3 Rad8 19. Qf3 g6 20. Nc3 f5 21. Rad1 Qf4 22. Rxd8 Rxd8 23. Qxf4 exf4 24. Rxe7 Rd2 25. Re2 1-0


[Site "https://www.chess.com"]

[Event "Titled Tuesday Blitz June 14 Early 2022"]
[White "Yurtseven, Melih"]
[Black "Aravindh, Chithambaram VR."]
[WhiteFideId "6312160"]
[BlackFideId "5072786"]
[WhiteElo "2160"]
[BlackElo "2577"]
[Result "1-0"]
[Round "01"]
[TimeControl "180+1"]
[Date "2022.06.14"]
[WhiteClock "0:00:18"]
[BlackClock "0:00:02"]

1. Nf3 Nf6 2. g3 c6 3. Bg2 d6 4. O-O g6 5. b3 Bg7 6. Bb2 O-O 7. c4 a5 8. a3 Na6 9. d3 e5 10. Nbd2 h6 11. Qc2 Re8 12. Bc3 Nc5 13. Qb2 Ne6 14. b4 axb4 15. axb4 Rxa1 16. Rxa1 Ng5 17. Nxg5 hxg5 18. Ra8 Qe7 19. b5 Bg4 20. Ra7 cxb5 21. Rxb7 Qe6 22. Ne4 Nxe4 23. Bxe4 bxc4 24. Qb5 Rf8 25. f3 Bf5 26. Bd5 Qf6 27. Qxc4 Be6 28. Bb4 Rc8 29. Qe4 g4 30. Bc4 Bxc4 31. dxc4 gxf3 32. exf3 Qe6 33. Qd5 Rxc4 34. Qxe6 fxe6 35. Bxd6 e4 36. fxe4 Rxe4 37. Kg2 Re2+ 38. Kh3 Rd2 39. Bb4 Rb2 40. Rxg7+ Kh8 41. Rb7 Rc2 42. Bd6 Kg8 43. Be5 Rc5 44. Bf4 Rh5+ 45. Kg2 Rd5 46. h4 e5 47. Bg5 e4 48. Kf2 Rf5+ 49. Ke3 Rf3+ 50. Kxe4 Rxg3 51. Ke5 Rf3 52. Bf4 Rf1 53. Rb6 Kf7 54. Rf6+ Ke7 55. Bg5 Re1+ 56. Kd5 Rd1+ 57. Ke4 Re1+ 58. Kd3 Ke8 59. Rxg6 Kf7 60. Rf6+ Kg7 61. Ra6 Rh1 62. Ke4 Rb1 63. Kf5 Rb5+ 64. Kg4 Rb1 65. Bf4 Rb5 66. h5 Kh7 67. Ra7+ Kg8 68. h6 Rd5 69. Be3 Kh8 70. Kf4 Rd6 71. Kf5 Rd5+ 72. Ke6 Rd3 73. Bf4 Rh3 74. Be5+ Kg8 75. Rg7+ Kf8 76. h7 Rh6+ 77. Kd5 Ke8 78. Rg8+ Kf7 79. h8=Q Rd6+ 80. Ke4 1-0


[Site "https://www.chess.com"]

[Event "Titled Tuesday Blitz June 14 Early 2022"]
[White "Zierk, Steven"]
[Black "Eynullayev, Atilla"]
[WhiteFideId "2034255"]
[BlackFideId "13413570"]
[WhiteElo "2494"]
[BlackElo "1936"]
[Result "1-0"]
[Round "01"]
[TimeControl "180+1"]
[Date "2022.06.14"]
[WhiteClock "0:01:00"]
[BlackClock "0:00:06"]

1. b3 Nf6 2. Bb2 e6 3. Nf3 d5 4. e3 Be7 5. g4 c5 6. g5 Nh5 7. Ne5 g6 8. Nxg6 hxg6 9. Bxh8 Bxg5 10. Bb2 Bf6 11. Bxf6 Qxf6 12. Nc3 Nc6 13. Be2 Ng7 14. Nb5 Kd8 15. h4 a6 16. Nd6 Kc7 17. Nxc8 Rxc8 18. h5 Rh8 19. h6 Nf5 20. h7 Qg7 21. Bd3 Rxh7 22. Rxh7 Qxh7 23. Qf3 Ne5 24. Qf4 Qh1+ 25. Bf1 Kd6 26. O-O-O Qf3 27. Qxf3 Nxf3 28. Be2 N3h4 29. Rh1 g5 30. Bd3 Nh6 31. f4 f6 32. Kd1 Ke7 33. Ke2 Nf7 34. c4 Kd6 35. fxg5 fxg5 36. Rf1 Ke7 37. cxd5 exd5 38. Bf5 Nd6 39. Bg4 Ne4 40. Rg1 Nd6 41. Bf3 Nxf3 42. Kxf3 Kf6 43. d3 b5 44. Rh1 c4 45. Rh6+ Ke7 46. dxc4 dxc4 47. bxc4 bxc4 48. Rg6 Nf7 49. Ke2 c3 50. Rxa6 Ne5 51. Ra8 Kd6 52. Rc8 Nc6 53. Kd3 g4 54. Rg8 Ne5+ 55. Kxc3 1-0


[Site "https://www.chess.com"]

[Event "Titled Tuesday Blitz June 14 Early 2022"]
[White "Aldokhin, Ivan"]
[Black "Kollars, Dmitrij"]
[WhiteFideId "24115720"]
[BlackFideId "12909572"]
[WhiteElo "2231"]
[BlackElo "2584"]
[Result "0-1"]
[Round "02"]
[TimeControl "180+1"]
[Date "2022.06.14"]
[WhiteClock "0:00:08"]
[BlackClock "0:01:22"]

1. d4 d5 2. c4 e6 3. Nc3 c6 4. cxd5 exd5 5. Qc2 Nf6 6. Bg5 Be7 7. e3 h6 8. Bh4 Nh5 9. Bxe7 Qxe7 10. Nxd5 Qd8 11. Nc3 O-O 12. Bc4 Qg5 13. g3 Bf5 14. Bd3 Bg4 15. h3 Be6 16. Nf3 Qe7 17. O-O-O a5 18. Kb1 Na6 19. a3 Nf6 20. Bf5 Nb4 21. axb4 axb4 22. d5 Bxf5 23. Qxf5 bxc3 24. d6 Qd8 25. Rd3 Nd5 26. Rxd5 Qb6 27. Qc2 cxd5 28. Qxc3 Rfc8 29. Qd4 Qa6 0-1


[Site "https://www.chess.com"]

[Event "Titled Tuesday Blitz June 14 Early 2022"]
[White "Alinasab, Mobina"]
[Black "Hakobyan, Aram"]
[WhiteFideId "12528897"]
[BlackFideId "13306677"]
[WhiteElo "2031"]
[BlackElo "2557"]
[Result "0-1"]
[Round "02"]
[TimeControl "180+1"]
[Date "2022.06.14"]
[WhiteClock "0:00:07"]
[BlackClock "0:00:19"]

1. Nf3 d5 2. g3 Nc6 3. Bg2 e5 4. d3 Be7 5. b3 e4 6. dxe4 dxe4 7. Qxd8+ Bxd8 8. Nfd2 f5 9. Bb2 Bf6 10. Bxf6 Nxf6 11. c4 Be6 12. Nc3 O-O-O 13. h3 Rd7 14. O-O-O Rhd8 15. f3 Nh5 16. Nf1 Rxd1+ 17. Nxd1 Nd4 18. Nc3 exf3 19. exf3 f4 20. g4 Nf6 21. Nd2 Bd7 22. Re1 Bc6 23. Re7 Rd7 24. Re5 Kd8 25. Ne2 Nxe2+ 26. Rxe2 Re7 27. Rxe7 Kxe7 28. Bf1 Kd6 29. Kc2 Ke5 30. Kd3 h6 31. b4 b6 32. Nb3 Bxf3 33. Nd4 Be4+ 34. Kc3 f3 35. Nb5 Kf4 36. Nxc7 Ke3 37. c5 bxc5 38. bxc5 Kf2 39. Bc4 Kg1 40. Kd4 f2 41. Ne6 Bd5 0-1


[Site "https://www.chess.com"]

[Event "Titled Tuesday Blitz June 14 Early 2022"]
[White "Al-Tarboush, Ward"]
[Black "Shimanov, Aleksandr"]
[WhiteFideId "7601450"]
[BlackFideId "4198603"]
[WhiteElo "2249"]
[BlackElo "2605"]
[Result "1-0"]
[Round "02"]
[TimeControl "180+1"]
[Date "2022.06.14"]
[WhiteClock "0:00:04"]
[BlackClock "0:00:02"]

1. e4 e6 2. d4 d5 3. exd5 exd5 4. Bd3 Nc6 5. Nf3 Bg4 6. c3 Bd6 7. O-O Nge7 8. Re1 Qd7 9. Nbd2 f6 10. Nf1 O-O-O 11. Ne3 Be6 12. b4 g5 13. a4 Ng6 14. a5 g4 15. Nd2 Nf4 16. Bf1 h5 17. b5 Ne7 18. b6 a6 19. bxc7 Qxc7 20. c4 Nc6 21. g3 Nxd4 22. Bb2 Nc6 23. gxf4 Bxf4 24. Bg2 dxc4 25. Qe2 Rhe8 26. Ndxc4 h4 27. Nb6+ Kb8 28. Rac1 Bc8 29. Qc4 Bxh2+ 30. Kf1 h3 31. Bxc6 bxc6 32. Nxc8 Rxc8 33. Qxa6 g3 34. Bd4 g2+ 35. Nxg2 hxg2+ 36. Kxg2 Qg7+ 37. Kh1 Kc7 38. Bb6+ Kd7 39. Rcd1+ Bd6 40. Qb7+ Rc7 41. Qxc7# 1-0


[Site "https://www.chess.com"]

[Event "Titled Tuesday Blitz June 14 Early 2022"]
[White "Antipov, Mikhail Al."]
[Black "Perez Gormaz, Matias"]
[WhiteFideId "4107012"]
[BlackFideId "3406342"]
[WhiteElo "2524"]
[BlackElo "2341"]
[Result "1-0"]
[Round "02"]
[TimeControl "180+1"]
[Date "2022.06.14"]
[WhiteClock "0:01:35"]
[BlackClock "0:00:03"]

1. e4 d5 2. exd5 Qxd5 3. Nf3 Bg4 4. Be2 Nc6 5. h3 Bxf3 6. Bxf3 Qe6+ 7. Qe2 Nd4 8. Qxe6 Nxf3+ 9. gxf3 fxe6 10. a4 a5 11. Ra3 Nf6 12. Re3 Kf7 13. d3 Nd5 14. Re4 Nb4 15. Na3 g6 16. Ke2 Bg7 17. c3 Nd5 18. Nc4 b6 19. Re1 Bxc3 20. bxc3 Nxc3+ 21. Kd2 Nxe4+ 22. Rxe4 Rhd8 23. Ne5+ Kg8 24. Ba3 c5 25. Nc4 Rd4 26. Nxb6 Rad8 27. Rxd4 Rxd4 28. Bxc5 Rh4 29. Nc4 Kf7 30. Ke3 Rxh3 31. Nxa5 Rh1 32. Nc4 Ra1 33. a5 h5 34. Kf4 h4 35. Kg4 g5 36. Be3 Rg1+ 37. Kh3 Rd1 38. Bxg5 Rxd3 39. Ne5+ 1-0


[Site "https://www.chess.com"]

[Event "Titled Tuesday Blitz June 14 Early 2022"]
[White "Bortnyk, Mykola"]
[Black "Rozman, Levy"]
[WhiteFideId "14120836"]
[BlackFideId "2039877"]
[WhiteElo "2582"]
[BlackElo "2376"]
[Result "1-0"]
[Round "02"]
[TimeControl "180+1"]
[Date "2022.06.14"]
[WhiteClock "0:00:10"]
[BlackClock "0:00:04"]

1. e4 c6 2. d4 d5 3. exd5 cxd5 4. c4 Nf6 5. Nc3 g6 6. Qb3 Bg7 7. cxd5 O-O 8. Bg5 a5 9. a4 Na6 10. Bc4 Nb4 11. Rd1 Bf5 12. Rd2 Rc8 13. Bb5 Ne4 14. Nxe4 Rc1+ 15. Rd1 Nc2+ 16. Kd2 Nxd4 17. Qe3 Rxd1+ 18. Kxd1 Qxd5 19. Bd3 Qb3+ 20. Ke1 Nc2+ 21. Bxc2 Qxc2 22. Nd2 Qxa4 23. Qa3 Qc6 24. Ndf3 Rd8 25. Ne2 Qc2 26. Nd2 h6 27. Qxe7 Rc8 28. Be3 a4 29. f3 Qxb2 30. Kf2 Bf6 31. Qd6 Re8 32. Re1 Re6 33. Qb8+ Kg7 34. Qa7 Qb3 35. Nxb3 1-0


[Site "https://www.chess.com"]

[Event "Titled Tuesday Blitz June 14 Early 2022"]
[White "Chen, Qi b"]
[Black "Svane, Rasmus"]
[WhiteFideId "8614733"]
[BlackFideId "4657101"]
[WhiteElo "2432"]
[BlackElo "2674"]
[Result "1-0"]
[Round "02"]
[TimeControl "180+1"]
[Date "2022.06.14"]
[WhiteClock "0:00:12"]
[BlackClock "0:00:01"]

1. d4 Nf6 2. c4 e6 3. Nc3 Bb4 4. e3 O-O 5. Bd3 d5 6. a3 Bxc3+ 7. bxc3 dxc4 8. Bxc4 c5 9. Ne2 Qc7 10. Ba2 e5 11. O-O Rd8 12. Ng3 Nc6 13. d5 e4 14. c4 Ne5 15. Bb2 Qe7 16. Qc2 Kh8 17. Rae1 Re8 18. Bb1 Nd3 19. Bxf6 Nxe1 20. Bxe7 Nxc2 21. Bxc5 b6 22. Bd6 Rd8 23. Bc7 Rd7 24. d6 Bb7 25. Bxc2 Re8 26. Ba4 Rxc7 27. Bxe8 1-0


[Site "https://www.chess.com"]